Map: Port Aleksander EC

Players

ZipperTheFly

  • Race: Terran Terran
  • Spawn Location: 5:00

ShaDoWn - Winner!

  • Race: Protoss Protoss
  • Spawn Location: 11:00

Event: 2019 WCS Spring

VOD

Have the link to the VOD?

Description

Time

  • Played on: May 17, 2019, 1:13 p.m.
  • Length: 19:54

All games in this series

Show
View Real Time Build Order
Export as new Build Order

ZipperTheFly Terran 

Build Orders: Gas First Reaper Expand 

Get SALT Encoding   

  12  0:00  SCV  
  13  0:12  SCV  
  14  0:18  Supply Depot  
  14  0:25  SCV  
  15  0:29  Refinery  
  15  0:39  SCV  
  16  0:45  Barracks  
  16  0:51  SCV  
  17  1:03  SCV  
  18  1:16  SCV  
  19  1:32  Reaper, Orbital Command  
  20  1:54  Command Center  
  20  1:58  SCV  
  21  2:05  Factory  
  21  2:08  Barracks Reactor  
  21  2:12  SCV  
  22  2:18  Supply Depot  
  22  2:24  SCV  
  22  2:26  Refinery  
  23  2:40  SCV  
  24  2:45  Marine  
  24  2:46  Marine  
  24  2:50  Starport  
  26  2:52  SCV  
  26  2:55  Widow Mine  
  29  3:04  SCV, Marine  
  29  3:05  Marine  
  31  3:10  Orbital Command  
  32  3:18  Factory Tech Lab  
  31  3:21  SCV  
  31  3:22  Marine  
  31  3:23  Marine  
  34  3:28  Bunker  
  34  3:34  Viking  
  34  3:37  SCV  
  34  3:39  SCV  
  38  3:46  Cyclone  
  41  3:50  Supply Depot  
  41  3:54  SCV x2  
  43  4:00  Supply Depot  
  43  4:06  SCV x2  
  45  4:21  SCV x2  
  47  4:29  Command Center  
  47  4:31  Stimpack  
  47  4:33  SCV  
  47  4:34  SCV  
  49  4:47  Barracks, Factory Tech Lab  
  49  4:48  Starport Reactor  
  49  4:49  SCV  
  49  4:50  Barracks  
  49  4:53  SCV  
  50  5:01  SCV, Engineering Bay x2  
  51  5:09  SCV  
  51  5:13  Marine  
  51  5:14  SCV  
  52  5:19  Siege Tank  
  55  5:21  SCV  
  55  5:27  Refinery  
  56  5:28  Refinery  
  56  5:32  Supply Depot  
  56  5:33  Supply Depot  
  56  5:34  Terran Infantry Weapons Level 1  
  56  5:36  Terran Infantry Armor Level 1  
  56  5:41  SCV  
  56  5:42  SCV  
  58  5:44  Starport Reactor  
  58  5:45  Orbital Command  
  58  5:48  Marine  
  58  5:49  Marine x2  
  61  5:51  Marine  
  61  5:53  SCV, Marine  
  64  5:59  SCV  
  64  6:02  Siege Tank  
  68  6:05  SCV  
  68  6:06  Missile Turret  
  68  6:09  Marine x3  
  68  6:11  Marine  
  73  6:14  Marine  
  75  6:18  SCV  
  75  6:20  Missile Turret, Orbital Command  
  75  6:22  Medivac  
  75  6:24  Medivac  
  79  6:28  Supply Depot  
  79  6:36  Marine x2  
  79  6:37  Combat Shield  
  79  6:39  Marine x2  
  85  6:40  Marauder  
  85  6:49  SCV x3, Siege Tank  
  91  7:00  Medivac  
  93  7:02  Missile Turret  
  93  7:04  Supply Depot  
  93  7:05  Medivac, Marine x4  
  93  7:06  SCV x2  
  101  7:10  Supply Depot  
  101  7:11  Supply Depot  
  101  7:17  Barracks  
  101  7:19  Barracks  
  101  7:25  SCV x2  
  101  7:27  SCV  
  102  7:34  Marine  
  102  7:35  Marine x4  
  105  7:37  SCV x2  
  105  7:39  SCV  
  108  7:45  Siege Tank  
  108  7:49  SCV x2  
  114  7:51  SCV  
  114  7:57  Marine x2  
  114  7:58  Marine x2  
  116  8:00  Medivac x2  
  116  8:02  SCV x2  
  116  8:03  SCV  
  122  8:08  Armory  
  122  8:18  Marine x3  
  125  8:20  Barracks Tech Lab x2  
  125  8:24  Marine  
  125  8:30  Marine  
  125  8:33  Ghost Academy  
  125  8:52  Factory Reactor  
  125  8:55  Supply Depot  
  125  8:56  Terran Infantry Weapons Level 2, Terran Infantry Armor Level 2, Supply Depot  
  125  9:03  Supply Depot  
  125  9:05  Supply Depot  
  125  9:16  Ghost  
  125  9:17  SCV x3, Ghost x2, Marine x4  
  125  9:18  Supply Depot x2  
  134  9:29  SCV x3  
  127  9:32  Widow Mine  
  127  9:33  Widow Mine  
  127  9:37  Refinery  
  125  9:39  Refinery  
  125  9:43  Starport  
  125  9:46  Missile Turret, Marine x2  
  125  9:47  Ghost x2, Marine x2  
  125  9:48  Missile Turret  
  133  9:59  Ghost  
  137  10:00  Widow Mine x2  
  138  10:11  SCV  
  136  10:15  Ghost x2  
  136  10:16  Marine x3  
  143  10:30  Ghost, Marine  
  143  10:32  Viking x2  
  143  10:33  Viking  
  152  10:45  SCV, Ghost  
  152  10:46  Marine x2  
  152  10:48  Marauder  
  159  10:53  SCV  
  159  10:55  Barracks  
  159  10:56  Barracks  
  156  10:57  Barracks  
  156  11:00  Marauder  
  153  11:07  Marine x3  
  153  11:08  Viking x2  
  153  11:09  Viking x2  
  163  11:38  Viking x2  
  163  11:39  Viking  
  169  11:43  Ghost x2  
  173  11:50  Command Center  
  173  11:52  Barracks Reactor, Barracks Tech Lab  
  173  11:53  Barracks Tech Lab x2  
  172  12:02  Viking  
  172  12:07  Marine  
  172  12:08  Marine  
  170  12:10  Viking  
  172  12:19  Viking  
  172  12:20  Marauder x2  
  163  12:29  Marine  
  138  12:30  Marauder, Marine  
  138  12:33  Viking x2  
  138  12:34  Marine x2  
  138  12:35  Marauder, Marine x2  
  143  12:40  Barracks  
  143  12:41  Marauder x2  
  141  12:47  Marine x2  
  143  12:51  Marauder  
  143  12:54  Marine x3  
  143  12:55  Marine  
  143  12:57  Marauder  
  151  13:02  Marauder  
  151  13:03  Marauder, Viking x2  
  159  13:09  Planetary Fortress  
  159  13:13  Marauder  
  159  13:18  Marauder  
  159  13:19  Marine x3  
  166  13:20  Marine x2  
  166  13:21  Marine  
  166  13:24  Marauder  
  168  13:35  Marauder x2, Marine  
  168  13:36  Viking  
  168  13:37  Viking x2, Marine  
  168  13:39  Marauder  
  181  13:56  Marauder, Marine x2  
  154  14:05  Marine x2  
  154  14:06  Marauder x2, Marine x2  
  154  14:09  Marauder x2  
  155  14:10  Medivac x3  
  161  14:17  Liberator, Ghost  
  161  14:23  Supply Depot x2  
  161  14:25  Terran Infantry Weapons Level 3  
  161  14:26  Ghost  
  161  14:28  Marine x2  
  161  14:29  Marauder  
  163  14:34  Liberator  
  144  14:48  Marauder, Marine x3  
  144  14:49  Marauder x2, Marine  
  150  15:01  Marine x2  
  150  15:02  Marauder, Ghost  
  156  15:11  Command Center  
  156  15:16  Viking x2  
  156  15:17  Marauder, Marine x2  
  156  15:18  Marauder, Marine  
  167  15:22  Marine  
  167  15:23  Marauder, Marine  
  167  15:27  Ghost  
  173  15:34  Marine  
  173  15:35  Marauder, Marine x2  
  177  15:39  Marauder  
  179  15:44  Marine x2  
  179  15:45  Marauder  
  179  15:47  Viking x2  
  187  15:53  Viking  
  189  15:59  Marine  
  189  16:00  Marauder  
  192  16:10  Marine  
  188  16:19  Marine x2  
  188  16:20  Marauder  
  176  16:31  Ghost x2  
  176  16:32  Marauder, Marine x2  
  146  16:33  Viking  
  146  16:38  Viking  
  137  16:52  Marine x2  
  137  16:53  Marauder x2  
  129  16:55  Refinery x2  
  128  17:02  Marine x2  
  128  17:03  Viking  
  128  17:04  Marine x2  
  132  17:13  Marine x2  
  134  17:17  Marine x2  
  134  17:18  Viking  
  134  17:19  Viking  
  134  17:20  Refinery  
  134  17:21  SCV  
  134  17:22  Refinery  
  141  17:23  Marauder x2  
  141  17:24  Marine x5  
  141  17:29  Planetary Fortress  
  149  17:31  Concussive Shells  
  149  17:42  Viking x2  
  153  17:51  SCV x2, Ghost, Marine  
  155  17:52  Marine x2  
  156  18:07  Viking  
  156  18:11  Medivac  
  156  18:12  Medivac  
  157  18:30  Viking  
  157  18:31  Marine x4  
  157  18:32  Marauder x2, Marine x2  
  157  18:33  Ghost x3  
  175  18:35  Missile Turret  
  175  18:37  Missile Turret  
  175  18:47  Viking  
  175  18:48  Viking x2  
  180  18:57  SCV x2  
  180  19:00  Viking  
  164  19:17  Viking  
Show
View Real Time Build Order
Export as new Build Order

ShaDoWn Protoss - Winner!

Build Orders: 1 Gate Expand, Phoenix Opening, Mass Phoenix 

Get SALT Encoding   

  12  0:01  Probe  
  13  0:13  Probe  
  14  0:19  Pylon  
  14  0:25  Probe  
  15  0:33  Probe  
  15  0:38  Gateway  
  15  0:41  Probe  
  16  0:48  Assimilator  
  17  0:52  Probe  
  18  1:04  Probe  
  19  1:16  Probe  
  20  1:25  Nexus  
  20  1:35  Cybernetics Core  
  20  1:39  Probe  
  21  1:44  Assimilator  
  21  1:51  Probe  
  22  1:54  Pylon  
  22  2:03  Probe, Adept  
  23  2:15  Probe  
  26  2:20  Stargate  
  26  2:27  Warp Gate, Probe  
  27  2:36  Probe x2  
  27  2:37  Stalker  
  31  2:44  Probe x2  
  33  2:54  Probe x2  
  33  2:58  Phoenix  
  37  3:06  Probe  
  37  3:07  Probe  
  39  3:18  Probe  
  39  3:19  Probe  
  41  3:20  Phoenix  
  41  3:24  Pylon  
  43  3:30  Probe  
  43  3:32  Probe  
  45  3:37  Phoenix  
  45  3:42  Probe  
  45  3:44  Probe  
  45  3:47  Gateway  
  49  3:48  Gateway  
  49  3:54  Probe  
  50  3:56  Probe  
  50  3:59  Pylon  
  50  4:00  Assimilator  
  50  4:01  Phoenix  
  51  4:06  Assimilator  
  51  4:09  Probe  
  52  4:10  Probe  
  53  4:18  Phoenix  
  53  4:20  Pylon  
  53  4:21  Probe  
  53  4:23  Probe  
  55  4:30  Stalker  
  59  4:33  Probe, Pylon  
  60  4:41  Phoenix  
  60  4:43  Stalker x2  
  68  4:58  Nexus  
  64  5:02  Pylon  
  64  5:12  Probe  
  64  5:14  Phoenix  
  65  5:19  Sentry  
  67  5:23  Twilight Council  
  67  5:26  Forge, Probe  
  67  5:28  Probe  
  69  5:38  Probe  
  69  5:41  Probe  
  71  5:43  Phoenix  
  73  5:51  Probe  
  73  5:53  Gateway  
  73  5:54  Gateway  
  74  5:57  Gateway  
  74  6:00  Gateway  
  74  6:01  Protoss Ground Armor Level 1  
  74  6:03  Pylon  
  74  6:04  Pylon  
  74  6:05  Charge  
  74  6:13  Probe x3  
  74  6:17  Zealot x2  
  81  6:24  Probe  
  81  6:25  Probe, Templar Archives  
  81  6:27  Probe  
  81  6:32  Probe  
  84  6:34  Probe  
  84  6:36  Probe  
  87  6:40  Probe, Gateway  
  87  6:42  Probe  
  87  6:43  Forge  
  87  6:46  Probe  
  89  6:49  Assimilator  
  89  6:52  Assimilator  
  89  6:53  Probe  
  91  6:56  Psionic Storm  
  91  6:58  Robotics Facility  
  91  7:01  Zealot x5  
  101  7:08  High Templar  
  101  7:09  High Templar  
  101  7:12  Protoss Ground Weapons Level 1  
  101  7:15  Photon Cannon  
  105  7:16  Shield Battery  
  105  7:18  Probe  
  106  7:24  High Templar, Pylon  
  108  7:38  High Templar  
  111  7:44  Probe  
  111  7:45  Blink  
  111  7:48  High Templar  
  111  7:50  Zealot x3  
  111  7:51  Zealot x2  
  123  7:53  Pylon  
  123  7:56  Nexus  
  123  7:59  Pylon, Warp Prism  
  124  8:14  Robotics Facility  
  124  8:15  Robotics Bay  
  124  8:19  Zealot  
  124  8:28  Zealot x5  
  124  8:32  Pylon  
  132  8:35  Pylon  
  132  8:36  Pylon  
  132  8:37  Pylon  
  132  8:38  Pylon x2  
  132  8:46  Protoss Ground Armor Level 2  
  132  8:52  Stalker x4  
  140  8:57  Probe x3  
  143  9:05  Observer  
  143  9:07  Sentry  
  152  9:13  Probe  
  152  9:15  Zealot x4  
  161  9:17  Probe  
  154  9:25  Colossus  
  154  9:27  Probe  
  149  9:33  Robotics Facility  
  149  9:37  Protoss Ground Weapons Level 2  
  155  9:42  High Templar  
  155  9:43  High Templar x3  
  163  9:49  Zealot  
  163  9:50  Zealot x3  
  163  9:52  Assimilator x2  
  171  9:53  Pylon  
  171  10:06  Gateway  
  171  10:08  Gateway  
  171  10:11  Colossus x2  
  170  10:14  Extended Thermal Lance  
  170  10:15  Probe x2  
  170  10:19  Photon Cannon  
  170  10:20  Shield Battery  
  172  10:22  Shield Battery  
  172  10:23  Photon Cannon  
  172  10:26  Photon Cannon  
  184  10:38  Zealot x5  
  194  10:49  Stalker x2  
  198  10:56  Fleet Beacon  
  196  10:58  Stargate  
  194  11:08  Colossus  
  186  11:26  High Templar x3  
  186  11:27  Zealot x3, High Templar  
  190  11:35  Archon x2  
  190  11:43  Observer  
  191  11:53  Zealot x2, High Templar x2  
  199  11:58  Nexus, Archon  
  181  12:02  Observer  
  181  12:03  Nexus, Protoss Shields Level 1  
  181  12:06  Tempest  
  169  12:10  Protoss Ground Weapons Level 3  
  169  12:13  Stalker x2  
  169  12:14  Stalker, Zealot x5  
  121  12:33  Stalker x2  
  121  12:37  Warp Prism  
  121  12:38  Stalker x8  
  121  12:39  Colossus  
  137  12:46  Pylon  
  145  13:02  High Templar x2  
  145  13:04  Zealot x6  
  160  13:11  Zealot x2  
  164  13:19  Photon Cannon  
  164  13:25  High Templar  
  164  13:26  High Templar  
  168  13:27  High Templar  
  168  13:32  Zealot x5  
  180  13:37  Zealot x2  
  174  13:55  Zealot x5  
  134  14:07  High Templar x5  
  134  14:08  Archon  
  140  14:10  Immortal, Warp Prism  
  140  14:15  Assimilator x2, Probe  
  147  14:27  Probe  
  147  14:29  Zealot x3, High Templar x2  
  147  14:30  Protoss Ground Armor Level 3  
  156  14:38  Archon x2  
  150  14:40  Colossus x2  
  150  14:44  Zealot x3  
  150  14:45  Zealot x2  
  132  14:52  Zealot x3  
  138  15:02  Stalker x2  
  142  15:10  High Templar x2  
  142  15:11  Zealot x3  
  152  15:15  Zealot x3  
  158  15:26  Zealot  
  158  15:28  Warp Prism  
  148  15:35  High Templar x4  
  148  15:42  High Templar  
  160  15:43  High Templar  
  160  15:45  Nexus  
  160  15:49  Stalker x3, Zealot  
  170  15:54  Pylon  
  166  16:08  Pylon  
  148  16:13  Stalker x5  
  148  16:14  Stalker x2  
  148  16:15  Archon  
  145  16:23  Pylon  
  139  16:26  Zealot x3  
  139  16:32  Archon  
  123  16:45  Stalker x3, Zealot x2  
  120  16:51  Warp Prism  
  114  16:56  Disruptor  
  114  17:01  High Templar x5  
  129  17:12  Zealot x2  
  129  17:15  Probe  
  133  17:17  Probe  
  133  17:20  Probe x3  
  133  17:21  Disruptor  
  141  17:30  High Templar  
  141  17:31  High Templar  
  141  17:32  Disruptor  
  141  17:35  Shield Battery  
  141  17:37  Zealot x2  
  145  17:45  Disruptor  
  145  17:55  High Templar  
  145  17:58  Photon Cannon, Probe x2  
  152  17:59  Disruptor  
  152  18:04  Probe  
  156  18:19  Immortal  
  156  18:20  Stalker x4  
  168  18:34  Zealot x6  
  180  18:44  Immortal  
  172  18:58  High Templar x2  
  172  18:59  Immortal  
  176  19:03  Zealot x4  
  176  19:09  Zealot  
  152  19:41  Zealot  
  152  19:42  Zealot x3  
Tags
 
Add a new tag
Caveats
  • Supply blocks, unpowered buildings, or Contaminate may cause inaccurate times.
  • Supply counts are checked every 10 seconds.